 Dungeon Crawl Stone Soup version 0.23-a0-642-g3120c2f (webtiles) character file.

332 MisterFreud the Chiller (level 6, -8/36 HPs)
             Began as an Octopode Ice Elementalist on Dec 30, 2018.
             Was an Initiate of Cheibriados.
             Mangled by a gnoll
             ... wielding a +0 halberd
              (11 damage)
             ... on level 4 of the Dungeon.
             The game lasted 00:07:52 (3753 turns).

MisterFreud the Chiller (Octopode Ice Elementalist) Turns: 3753, Time: 00:07:53

Health: -8/36      AC:  7    Str:  8    XL:     6   Next: 52%
Magic:  5/9        EV: 13    Int: 21    God:    Cheibriados [......]
Gold:   191        SH:  0    Dex: 13    Spells: 5/9 levels left

rFire    + . .     SeeInvis .   g - +0 dagger
rCold    x . .     Gourm    .   (no shield)
rNeg     . . .     Faith    .   (helmet restricted)
rPois    .         Spirit   .   (no amulet)
rElec    .         Reflect  .   s - ring of fire
rCorr    .         Harm     .   (no ring)
MR       .....                  (no ring)
Stlth    +++.......             (no ring)
HPRegen  0.12/turn              (no ring)
MPRegen  0.11/turn              (no ring)
                                (no ring)
                                (no ring)

@: icy armour, very slow
A: almost no armour, stealthy swim, amphibious, 8 rings, constrict 8, camouflage
1, gelatinous body 1
a: Bend Time, Renounce Religion


You were on level 4 of the Dungeon.
You worshipped Cheibriados.
Cheibriados was noncommittal.
You were very hungry.

You visited 2 branches of the dungeon, and saw 5 of its levels.

You collected 191 gold pieces.

Inventory:

Hand Weapons
 c - a +0 hunting sling
 g - a +0 dagger (weapon)
Missiles
 h - 153 stones (quivered)
 i - 30 arrows
 k - a throwing net
 o - 18 bolts
 v - 11 tomahawks
Jewellery
 s - a ring of fire (left tentacle)
Wands
 u - a wand of scattershot (4)
Scrolls
 a - a scroll of magic mapping {unknown}
 e - a scroll of fear {unknown}
 f - a scroll of enchant weapon {unknown}
 j - 5 scrolls of immolation {unknown}
 m - a scroll of amnesia {unknown}
 n - 7 scrolls of remove curse {unknown}
 q - a scroll of teleportation {unknown}
 r - 3 scrolls of identify {unknown}
 t - a scroll of random uselessness {unknown}
 x - a scroll of noise {unknown}
Potions
 d - 3 potions of curing
 l - 2 potions of agility {unknown}
 p - a potion of might {unknown}
 z - a potion of invisibility {unknown}
Comestibles
 b - 6 rations


   Skills:
 - Level 2.0 Dodging
 - Level 2.6 Stealth
 - Level 2.0 Spellcasting
   Level 1.0 Conjurations
 * Level 4.7 Charms
 - Level 5.0 Ice Magic


You had 5 spell levels left.
You knew the following spells:

 Your Spells              Type           Power        Failure   Level  Hunger
a - Freeze                Ice            ###.         1%          1    #......
b - Ozocubu's Armour      Chrm/Ice       ###.....     6%          3    ###....

Your spell library contained the following spells:

 Spells                   Type           Power        Failure   Level  Hunger
 Throw Frost              Conj/Ice       ##....       6%          2    ##.....
 Throw Icicle             Conj/Ice       ##......     38%         4    #####..
 Summon Ice Beast         Ice/Summ       ##......     45%         4    #####..


Dungeon Overview and Level Annotations

Branches:
Dungeon (4/15)             Temple (1/1) D:4

Altars:
Ashenzari
Cheibriados
Fedhas
Kikubaaqudgha
Makhleb
Okawaru
Ru
Sif Muna
Trog
Vehumet
Wu Jian
Xom
Zin
The Shining One

Annotations:
D:2 1 runed door


Innate Abilities, Weirdness & Mutations

You cannot wear most types of armour.
You are very stealthy in the water. (Stealth+)
You are amphibious.
You can wear up to eight rings at the same time.
You can use your tentacles to constrict eight enemies at once.
Your skin changes colour to match your surroundings (Stealth+).
Your rubbery body absorbs attacks. (AC +1, EV +1)


Message History

You hit the gnoll. You grab the gnoll.
The gnoll is moderately wounded.
You constrict the gnoll, but do no damage.
The gnoll hits you with a +0 spear. The gnoll barely misses you.
You hit the gnoll. Your squeeze misses the gnoll.
The gnoll is moderately wounded.
You constrict the gnoll, but do no damage.
The gnoll hits you with a +0 spear.
* * * LOW HITPOINT WARNING * * *
Casting: Ozocubu's Armour (safe; 6% risk of failure)
Confirm with . or Enter, or press ? or * to list all spells.
Aiming: Freeze (safe; 1% risk of failure)
Press: ? - help, Shift-Dir - straight line, f - gnoll
Aim: a gnoll, wielding a +0 spear (moderately wounded, constricted by you)
You freeze the gnoll.
The gnoll is heavily wounded.
You constrict the gnoll. The gnoll hits you with a +0 spear.
* * * LOW HITPOINT WARNING * * *
The gnoll hits you from afar with a +0 halberd!
You die...

#.# #.# #.# #.#
######.### #........##
##........###
#........gg### #########
##......@#..g###.......#.
##......###..#..........
##......# ##.......)<...
#.#.....# ##...........
######.##....#
#...........
##..##.####..##
##.......... ##....#.#
#..# #..........
#......## ####
##......... ##......##
##......#.


You could see 2 gnolls.

Vanquished Creatures
  2 orc wizards (D:3)
  A bullfrog skeleton (D:4)
  Jessica (D:2)
  A worker ant (D:4)
  2 gnolls (D:4)
  8 adders
  A river rat (D:3)
  An ooze (D:1)
  A worm (D:2)
  A dart slug (D:3)
  2 leopard geckos
  9 orcs (D:3)
  6 bats
  4 giant cockroaches
  6 goblins
  7 hobgoblins
  5 jackals (D:3)
  3 quokkas
  3 ball pythons (D:3)
  6 frilled lizards
  5 kobolds
  12 rats
87 creatures vanquished.

Notes
Turn   | Place    | Note
-------+----------+-------------------------------------------
     0 | D:1      | MisterFreud the Octopode Ice Elementalist began the quest
                  | for the Orb.
     0 | D:1      | Reached XP level 1. HP: 11/11 MP: 3/3
   277 | D:1      | Reached XP level 2. HP: 17/17 MP: 5/5
   563 | D:1      | Reached skill level 4 in Ice Magic
   768 | D:1      | Reached XP level 3. HP: 17/21 MP: 6/6
  1078 | D:2      | Learned a level 3 spell: Ozocubu's Armour
  1302 | D:2      | Reached skill level 1 in Charms
  1302 | D:2      | Reached XP level 4. HP: 22/27 MP: 2/7
  1508 | D:2      | Noticed Jessica
  1521 | D:2      | Killed Jessica
  1903 | D:2      | Found a runed door.
  1995 | D:3      | Found an iron altar of Okawaru.
  2247 | D:3      | Reached XP level 5. HP: 31/31 MP: 4/8
  2476 | D:3      | Found a sacrificial altar of Ru.
  2485 | D:3      | Reached skill level 5 in Ice Magic
  2880 | D:3      | Found a glowing silver altar of Zin.
  2923 | D:3      | Reached XP level 6. HP: 35/36 MP: 5/9
  3266 | D:4      | Found a staircase to the Ecumenical Temple.
  3276 | Temple   | Entered the Ecumenical Temple
  3286 | Temple   | Became a worshipper of Cheibriados the Contemplative
  3753 | D:4      | Mangled by a gnoll

Vault maps used:
D:1:      scummos_arrival_hexagon, minmay_crystal_room
D:2:      uniq_jessica, uniq_crazy_yiuf_cottage
D:3:      okawaru_metal_pillars_1_2, nicolae_ru_great_annihilating_truth,
          zin_academy, portal_sewer_entry_e, first_ration
D:4:      temple_pool_b, uniq_edmund, uniq_menkaure
Temple:   cyrus_circular_temple

Skill      XL: |  1  2  3  4  5  6 |
---------------+-------------------+-----
Ice Magic      | 4 5 |  5.0
Charms         | 1 2 3 4 |  4.7
Dodging        | |  2.0
Stealth        | |  2.6
Spellcasting   | |  2.0
Conjurations   | |  1.0

Action                   |  1- 3 |  4- 6 || total
-------------------------+-------+-------++-------
Melee: Unarmed           |    15 |       ||    15
       Tentacles         |    12 |    27 ||    39
       Constrict         |    16 |    43 ||    59
       Dagger            |    61 |   155 ||   216
Throw: Stone             |       |     3 ||     3
 Cast: Freeze            |     8 |    14 ||    22
       Ozocubu's Armour  |     3 |    11 ||    14
  Use: Potion            |       |     1 ||     1
 Stab: Sleeping          |    13 |     3 ||    16
       Distracted        |       |     1 ||     1
       Paralysed         |       |     1 ||     1
  Eat: Chunk             |     2 |     8 ||    10
Armor: Skin              |     9 |    20 ||    29
Dodge: Dodged            |    39 |    98 ||   137

Table legend:
 A = Non-vault XP
 B = Vault XP
 C = Vault XP percentage of total XP
 D = Non-vault monster count
 E = Vault monster count
 F = Vault count percentage of total count
                 A         B        C        D         E       F
            +---------+---------+-------+---------+---------+-------
      Total |     346 |     129 |  27.2 |      74 |      13 |  14.9
            +---------+---------+-------+---------+---------+-------
        D:1 |      44 |       0 |   0.0 |      25 |       0 |   0.0
        D:2 |      44 |      37 |  45.7 |      11 |       1 |   8.3
        D:3 |     153 |      92 |  37.6 |      33 |      12 |  26.7
        D:4 |     105 |       0 |   0.0 |       5 |       0 |   0.0
            +---------+---------+-------+---------+---------+-------
